Map: Central Protocol

Players

SpaceMarine

  • Race: Protoss Protoss
  • League: Grandmaster

uThermal - Winner!

  • Race: Terran Terran
  • League: Grandmaster

Event: NationWars III

VOD

Have the link to the VOD?

Description

Time

  • Played on: Dec. 10, 2015, 1:28 p.m.
  • Length: 9:35
Show
View Real Time Build Order
Export as new Build Order

SpaceMarine Protoss 

Build Orders: 1 Gate Expand 

Get SALT Encoding   

  12  0:01  Probe (Chrono Boost)  
  13  0:11  Probe (Chrono Boost)  
  14  0:19  Pylon  
  14  0:22  Probe (Chrono Boost)  
  15  0:37  Probe (Chrono Boost)  
  15  0:38  Gateway  
  16  0:43  Assimilator  
  16  0:48  Probe (Chrono Boost)  
  17  0:58  Probe (Chrono Boost)  
  18  1:09  Probe (Chrono Boost)  
  19  1:19  Probe (Chrono Boost)  
  20  1:30  Probe (Chrono Boost), Nexus  
  21  1:37  Cybernetics Core  
  21  1:43  Assimilator  
  21  1:45  Probe (Chrono Boost)  
  22  1:55  Probe (Chrono Boost)  
  22  1:57  Pylon  
  23  2:15  Stalker  
  27  2:16  Mothership Core (Chrono Boost)  
  27  2:24  Warp Gate  
  27  2:34  Probe (Chrono Boost)  
  28  2:42  Probe (Chrono Boost)  
  28  2:45  Stalker, Probe (Chrono Boost)  
  31  2:53  Probe (Chrono Boost)  
  31  2:55  Probe (Chrono Boost)  
  33  3:02  Robotics Facility  
  33  3:03  Probe (Chrono Boost)  
  34  3:06  Probe (Chrono Boost)  
  35  3:14  Probe (Chrono Boost)  
  35  3:16  Probe (Chrono Boost)  
  37  3:25  Probe (Chrono Boost)  
  39  3:27  Probe (Chrono Boost)  
  39  3:34  Gateway  
  39  3:35  Probe (Chrono Boost)  
  39  3:36  Gateway  
  39  3:37  Probe (Chrono Boost)  
  41  3:45  Probe (Chrono Boost)  
  41  3:48  Probe (Chrono Boost)  
  43  3:50  Warp Prism (Chrono Boost)  
  43  3:53  Pylon  
  43  3:54  Probe  
  45  3:56  Pylon  
  46  4:03  Assimilator x2  
  46  4:07  Pylon  
  46  4:11  Probe  
  46  4:15  Probe  
  48  4:23  Immortal (Chrono Boost), Probe  
  53  4:36  Probe  
  53  4:37  Probe  
  54  4:44  Twilight Council, Adept  
  54  4:45  Adept x2  
  61  4:48  Probe x2  
  63  4:56  Observer (Chrono Boost), Pylon  
  64  5:08  Probe  
  64  5:10  Sentry  
  64  5:11  Zealot  
  64  5:12  Immortal (Chrono Boost)  
  61  5:20  Blink (Chrono Boost)  
  65  5:24  Robotics Bay  
  65  5:33  Stalker x2  
  65  5:34  Stalker  
  71  5:48  Gateway  
  71  5:49  Gateway  
  71  5:50  Pylon  
  71  5:54  Robotics Bay  
  69  6:07  Stalker x3  
  65  6:27  Disruptor  
  65  6:28  Probe x2  
  65  6:31  Pylon  
  68  6:33  Stalker  
  68  6:34  Stalker x2  
  74  6:40  Probe x2  
  70  7:00  Stalker x3  
  74  7:01  Disruptor  
  77  7:10  Probe x2  
  79  7:18  Stalker x2  
  83  7:26  Stalker x3  
  89  7:34  Disruptor  
  92  7:46  Probe x2  
  92  7:47  Pylon  
  92  7:48  Pylon  
  94  8:00  Probe  
  94  8:05  Disruptor  
  93  8:08  Stalker  
  93  8:09  Stalker x3  
  104  8:18  Pylon  
  100  8:29  Probe x2  
  100  8:36  Disruptor  
  103  8:41  Probe x2  
  105  8:54  Nexus  
Show
View Real Time Build Order
Export as new Build Order

uThermal Terran - Winner!

Build Orders: MMM Bio 

Get SALT Encoding   

  12  0:00  SCV  
  13  0:13  SCV  
  14  0:18  Supply Depot  
  14  0:25  SCV  
  15  0:40  SCV  
  15  0:41  Barracks  
  16  0:45  Refinery  
  16  0:52  SCV  
  17  1:04  SCV  
  18  1:16  SCV  
  19  1:28  Orbital Command  
  19  1:30  Barracks Reactor  
  19  1:44  Command Center  
  19  1:55  SCV  
  19  2:00  Supply Depot  
  20  2:06  Reaper x2  
  20  2:07  SCV  
  23  2:15  Barracks  
  23  2:21  SCV  
  24  2:25  Refinery  
  24  2:33  SCV  
  25  2:38  Marine x2  
  27  2:47  SCV, Factory  
  28  2:56  Orbital Command  
  28  2:58  Marine  
  29  2:59  Marine  
  29  3:03  SCV  
  31  3:05  Barracks Tech Lab  
  31  3:15  SCV  
  31  3:18  Marine  
  33  3:22  Marine  
  33  3:26  Marine  
  35  3:27  SCV  
  35  3:30  Stimpack  
  35  3:32  SCV  
  35  3:41  Starport, Factory Reactor  
  35  3:43  SCV  
  35  3:44  SCV  
  35  3:47  Marine  
  38  3:49  Marine x2  
  38  3:54  Supply Depot  
  40  3:56  SCV  
  40  3:57  SCV  
  42  4:04  Bunker  
  42  4:08  SCV, Marine  
  42  4:09  SCV  
  45  4:10  Marine  
  45  4:13  Liberator  
  45  4:15  Liberator  
  45  4:16  Supply Depot  
  46  4:20  SCV  
  47  4:27  SCV  
  51  4:35  SCV  
  51  4:37  Marine  
  55  4:39  Supply Depot  
  55  4:40  Marine  
  55  4:43  SCV  
  57  4:47  SCV  
  57  4:49  Supply Depot, Marine  
  59  4:57  Engineering Bay, Liberator  
  59  4:58  SCV  
  59  4:59  SCV  
  61  5:00  Marine  
  60  5:10  SCV  
  61  5:19  Marine  
  61  5:20  SCV  
  61  5:21  Marine  
  67  5:24  SCV  
  67  5:28  Terran Infantry Weapons Level 1, Marine  
  68  5:32  SCV  
  70  5:36  SCV  
  70  5:37  Refinery x2  
  70  5:38  Supply Depot  
  70  5:42  Missile Turret  
  71  5:45  Combat Shields, Missile Turret  
  71  5:46  Marine  
  71  5:48  SCV, Liberator  
  71  5:49  Marine  
  75  5:53  Marine  
  75  5:54  Supply Depot  
  74  6:03  SCV  
  74  6:04  Marine  
  75  6:06  SCV, Marine, Liberator  
  75  6:10  Barracks  
  81  6:14  Barracks  
  81  6:17  Barracks  
  81  6:23  SCV x2  
  81  6:24  Marine  
  84  6:31  Liberator  
  84  6:32  Supply Depot, Marine  
  81  6:35  SCV  
  81  6:36  Marine  
  83  6:49  Liberator  
  83  6:53  Command Center  
  86  6:56  Marine x2  
  86  6:57  Marauder  
  86  7:00  Barracks Tech Lab  
  87  7:04  Concussive Shells  
  87  7:06  Barracks Reactor, Barracks Tech Lab  
  90  7:10  Supply Depot  
  90  7:14  Marine x2  
  92  7:18  SCV x2  
  92  7:19  Supply Depot  
  92  7:21  Marauder, Marine  
  97  7:24  Marine  
  100  7:37  Marine  
  100  7:39  Marauder  
  100  7:40  Marine  
  100  7:42  Marauder, Medivac  
  102  7:45  Marine x2  
  102  7:46  Marauder  
  102  7:49  Medivac  
  108  7:55  Marine  
  108  7:58  Marine  
  110  7:59  Liberator  
  110  8:01  Marauder  
  110  8:02  Liberator  
  110  8:03  Marine x2  
  110  8:04  Marauder  
  116  8:06  Marine  
  116  8:08  SCV x2  
  119  8:13  Marine  
  119  8:19  Marine  
  125  8:20  SCV x2  
  125  8:22  Marauder  
  125  8:25  Marauder  
  132  8:29  Marauder  
  132  8:30  Orbital Command  
  132  8:31  Supply Depot, Marine  
  132  8:32  SCV x2  
  134  8:34  Marine  
  135  8:43  Marine  
  135  8:44  Marauder  
  138  8:54  Marine  
  138  8:55  Marauder  
  136  9:00  Marine  
  136  9:01  Marauder  
  135  9:04  Marine  
  135  9:05  Marauder, Marine  
  137  9:12  Marine  
Tags
 
Add a new tag
Caveats
  • Supply blocks, unpowered buildings, or Contaminate may cause inaccurate times.
  • Supply counts are checked every 10 seconds.